Map: King Sejong Station LE

Players

WillyThePimp

  • Race: Protoss Protoss
  • League: Gold
  • Spawn Location: 5:00

Fropez - Winner!

  • Race: Protoss Protoss
  • League: Gold
  • Spawn Location: 11:00

VOD

Have the link to the VOD?

Description

Time

  • Played on: Nov. 10, 2016, 4:37 p.m.
  • Length: 17:52
Show
View Real Time Build Order
Export as new Build Order

WillyThePimp Protoss 

Build Orders:  

Get SALT Encoding   

  12  0:01  Probe (Chrono Boost)  
  13  0:11  Probe (Chrono Boost)  
  14  0:21  Pylon  
  14  0:23  Probe (Chrono Boost)  
  15  0:39  Probe (Chrono Boost)  
  15  0:41  Gateway  
  16  0:47  Assimilator  
  17  0:50  Probe (Chrono Boost)  
  17  1:00  Probe (Chrono Boost)  
  18  1:06  Gateway  
  18  1:11  Probe (Chrono Boost)  
  19  1:22  Probe (Chrono Boost)  
  19  1:25  Assimilator  
  20  1:30  Cybernetics Core  
  20  1:32  Pylon  
  20  1:36  Probe (Chrono Boost)  
  21  1:47  Zealot  
  23  1:51  Probe (Chrono Boost)  
  25  2:01  Probe (Chrono Boost)  
  25  2:06  Warp Gate  
  25  2:07  Adept  
  27  2:12  Probe (Chrono Boost)  
  28  2:24  Adept  
  30  2:36  Pylon  
  30  2:49  Gateway  
  30  2:50  Pylon  
  30  2:54  Adept  
  30  2:56  Forge  
  32  3:03  Adept  
  32  3:22  Mothership Core (Chrono Boost)  
  32  3:31  Adept  
  32  3:32  Adept  
  36  3:38  Adept  
  36  3:40  Probe (Chrono Boost)  
  39  3:45  Protoss Ground Weapons Level 1 (Chrono Boost)  
  39  3:50  Probe  
  40  4:16  Robotics Facility  
  40  4:18  Pylon  
  40  4:27  Sentry  
  40  4:28  Sentry  
  44  4:35  Probe  
  45  4:45  Stalker  
  47  4:47  Probe  
  48  5:03  Nexus  
  42  5:32  Pylon  
  42  5:38  Immortal (Chrono Boost)  
  45  5:47  Probe  
  42  5:58  Protoss Shields Level 1  
  42  5:59  Probe (Chrono Boost)  
  39  6:11  Probe (Chrono Boost)  
  39  6:16  Probe (Chrono Boost)  
  41  6:19  Adept x2  
  41  6:20  Adept  
  41  6:22  Probe (Chrono Boost)  
  48  6:27  Probe (Chrono Boost)  
  50  6:32  Probe (Chrono Boost)  
  50  6:37  Probe (Chrono Boost)  
  51  6:41  Stalker  
  51  6:42  Stalker  
  51  6:43  Probe (Chrono Boost)  
  51  6:46  Observer  
  57  6:48  Probe (Chrono Boost)  
  58  6:54  Twilight Council  
  58  6:58  Probe x2 (Chrono Boost)  
  60  7:08  Probe (Chrono Boost)  
  60  7:11  Pylon  
  60  7:12  Probe (Chrono Boost)  
  62  7:19  Probe (Chrono Boost)  
  62  7:22  Probe (Chrono Boost)  
  64  7:27  Stalker  
  64  7:28  Stalker  
  68  7:31  Stalker  
  70  7:38  Assimilator  
  70  7:40  Probe (Chrono Boost)  
  70  7:42  Assimilator  
  71  7:51  Immortal  
  75  8:06  Zealot x3  
  75  8:08  Probe (Chrono Boost)  
  75  8:09  Probe (Chrono Boost)  
  83  8:18  Probe (Chrono Boost)  
  83  8:19  Probe (Chrono Boost)  
  45  9:22  Probe x2 (Chrono Boost)  
  45  9:32  Probe (Chrono Boost)  
  45  9:33  Probe (Chrono Boost)  
  47  9:43  Probe x2 (Chrono Boost)  
  47  9:45  Nexus  
  46  9:54  Probe x2 (Chrono Boost)  
  46  9:57  Stalker x3  
  49  10:16  Probe x2 (Chrono Boost)  
  50  10:25  Pylon  
  50  10:26  Probe (Chrono Boost)  
  50  10:27  Probe (Chrono Boost)  
  52  10:37  Probe (Chrono Boost)  
  52  10:38  Probe (Chrono Boost)  
  54  10:50  Probe (Chrono Boost)  
  54  10:51  Probe (Chrono Boost)  
  56  11:02  Probe x2 (Chrono Boost)  
  56  11:03  Probe (Chrono Boost)  
  59  11:16  Stargate  
  59  11:30  Probe x3 (Chrono Boost)  
  62  11:40  Probe x2 (Chrono Boost), Stargate  
  62  11:41  Probe (Chrono Boost)  
  65  11:51  Probe x3 (Chrono Boost)  
  68  12:05  Probe x3 (Chrono Boost)  
  71  12:09  Pylon  
  71  12:15  Photon Cannon  
  71  12:17  Probe (Chrono Boost)  
  72  12:23  Probe x2 (Chrono Boost)  
  74  12:30  Oracle (Chrono Boost)  
  80  12:37  Probe  
  80  12:38  Oracle (Chrono Boost)  
  80  12:52  Immortal (Chrono Boost)  
  84  13:17  Photon Cannon  
  84  13:23  Pylon  
  84  13:26  Pylon  
  84  13:29  Photon Cannon  
  84  13:44  Void Ray x2 (Chrono Boost)  
  92  13:57  Pylon  
  92  14:04  Protoss Shields Level 2  
  92  14:33  Void Ray (Chrono Boost), Pylon  
  92  14:35  Pylon  
  40  15:31  Void Ray (Chrono Boost)  
  40  15:33  Void Ray (Chrono Boost)  
Show
View Real Time Build Order
Export as new Build Order

Fropez Protoss - Winner!

Build Orders:  

Get SALT Encoding   

  12  0:01  Probe (Chrono Boost)  
  13  0:13  Pylon  
  13  0:18  Probe (Chrono Boost)  
  14  0:31  Gateway  
  14  0:33  Probe (Chrono Boost)  
  15  0:41  Assimilator  
  15  0:44  Probe (Chrono Boost)  
  16  0:55  Gateway  
  16  0:59  Probe (Chrono Boost)  
  17  1:09  Probe (Chrono Boost)  
  18  1:20  Cybernetics Core  
  18  1:21  Probe (Chrono Boost)  
  19  1:29  Assimilator  
  19  1:31  Probe (Chrono Boost)  
  20  1:38  Pylon  
  20  1:50  Probe (Chrono Boost)  
  21  1:56  Adept x2  
  21  1:59  Warp Gate (Chrono Boost)  
  25  2:05  Probe (Chrono Boost)  
  26  2:31  Mothership Core  
  28  2:38  Gateway  
  28  2:41  Pylon  
  27  2:48  Pylon  
  27  2:52  Probe  
  28  3:02  Stalker x2  
  28  3:05  Probe  
  33  3:07  Pylon  
  29  3:36  Gateway  
  29  3:40  Twilight Council  
  29  3:42  Robotics Facility  
  29  3:59  Nexus  
  29  4:06  Probe  
  30  4:16  Resonating Glaives  
  30  4:22  Adept  
  30  4:23  Adept x2  
  36  4:28  Probe  
  37  4:43  Pylon  
  37  4:55  Adept x2  
  37  4:56  Adept  
  42  5:04  Stalker  
  44  5:40  Probe  
  44  5:41  Probe  
  46  5:53  Probe, Gateway  
  46  5:54  Probe  
  48  6:03  Probe, Robotics Facility  
  48  6:05  Gateway  
  48  6:06  Probe  
  48  6:07  Assimilator  
  44  6:15  Probe  
  44  6:18  Probe  
  46  6:32  Probe x2  
  47  6:37  Assimilator  
  48  6:40  Forge  
  48  6:42  Probe  
  48  6:45  Probe  
  48  6:47  Gateway, Stalker  
  50  6:48  Stalker  
  50  6:50  Stalker  
  50  6:53  Observer (Chrono Boost)  
  57  7:13  Protoss Ground Weapons Level 1 (Chrono Boost)  
  57  7:17  Observer (Chrono Boost)  
  58  7:26  Pylon  
  58  7:28  Photon Cannon  
  58  7:32  Probe x2  
  60  7:46  Warp Prism (Chrono Boost)  
  62  7:57  Robotics Bay  
  62  7:59  Gateway  
  62  8:13  Pylon, Immortal  
  66  8:27  Nexus  
  66  8:35  Adept x3  
  66  8:37  Adept  
  74  8:47  Immortal  
  75  8:59  Adept x4  
  75  9:13  Probe x2  
  72  9:19  Pylon  
  72  9:25  Probe x2  
  74  9:37  Probe  
  67  10:00  Adept x4  
  67  10:01  Adept x3  
  71  10:16  Probe  
  71  10:18  Probe x2  
  70  10:26  Gravitic Drive  
  70  10:31  Probe  
  70  10:33  Probe  
  70  10:35  Templar Archives  
  72  10:42  Adept x3  
  78  10:51  Probe  
  78  10:54  Pylon  
  78  10:55  Probe  
  80  10:57  Probe  
  81  11:06  Protoss Ground Weapons Level 2 (Chrono Boost)  
  81  11:10  Probe  
  81  11:18  Adept x3  
  88  11:28  Assimilator  
  88  11:34  Assimilator  
  88  11:37  High Templar x3  
  88  11:38  High Templar x3  
  88  11:39  High Templar x2  
  104  11:41  Archon  
  104  11:42  Archon x2  
  104  11:43  Archon  
  104  12:10  High Templar x2  
  104  12:11  High Templar  
  104  12:14  Archon  
  110  12:17  High Templar  
  112  12:30  Archon  
  110  13:29  Adept x7  
  110  13:33  Probe  
  124  13:39  Protoss Ground Weapons Level 3 (Chrono Boost)  
  125  13:41  Gateway  
  125  13:44  Gateway  
  125  13:48  Gateway  
  125  13:54  Pylon  
  125  13:57  Pylon  
  125  14:02  Pylon  
  125  14:06  Pylon  
  125  14:10  Pylon, Probe  
  125  14:12  Probe x2  
  125  14:13  Pylon  
  128  14:21  Probe  
  112  14:55  Probe  
  112  14:57  Probe x2  
  101  15:07  Stalker x3  
  101  15:08  Stalker x5  
  101  15:13  Nexus  
  105  15:15  Assimilator  
  105  15:18  Assimilator  
  105  15:20  Pylon  
  103  15:24  Pylon  
  88  15:57  High Templar x6  
  88  15:58  High Templar x2  
  88  16:01  Archon x3  
  104  16:08  Archon  
  92  16:42  High Templar  
  92  16:43  High Templar x5  
  104  16:47  Archon x2  
  104  16:48  Archon  
  104  17:00  Pylon  
  104  17:02  Pylon  
  104  17:04  Pylon  
  104  17:06  Pylon  
  104  17:08  Pylon  
  96  17:27  Zealot x3  
Tags
 
League
GoldGold
Matchup
PvP
Replay Pack
All Mines
Spawn Locations
Cross Positions
Add a new tag
Caveats
  • Supply blocks, unpowered buildings, or Contaminate may cause inaccurate times.
  • Supply counts are checked every 10 seconds.